 Dungeon Crawl Stone Soup version 0.29.1-1-gd02db6906a (webtiles) character file.

Game seed: 1004546304461654479

36 styxcanada the Sneak (level 3, -3/18 HPs)
             Began as a Spriggan Brigand on Oct 12, 2022.
             Slain by a gnoll
             ... wielding a +0 club
              (4 damage)
             ... on level 2 of the Dungeon.
             The game lasted 00:05:00 (1400 turns).

styxcanada the Sneak (Spriggan Brigand)             Turns: 1400, Time: 00:05:01

Health: -3/18      AC:  3    Str:  7    XL:     3   Next: 19%
Magic:  4/4        EV: 15    Int: 12    God:
Gold:   44         SH:  5    Dex: 18    Spells: 2/2 levels left

rFire   . . .      SeeInvis +   l - +2 dagger (venom)
rCold   . . .      Faith    .   g - +0 buckler
rNeg    . . .      Spirit   .   b - +0 robe
rPois   .          Reflect  .   (helmet restricted)
rElec   .          Harm     .   c - +0 cloak
rCorr   .          Rampage  .   (gloves unavailable)
Will    .....                   (boots unavailable)
Stlth   ++++......              (no amulet)
HPRegen 0.06/turn               (no ring)
MPRegen 0.09/turn               (no ring)

@: very quick
A: very small, no large weapons, unfitting armour, see invisible, speed 3
a: no special abilities


You were on level 2 of the Dungeon.
You visited 1 branch of the dungeon, and saw 2 of its levels.

You collected 44 gold pieces.

Inventory:

Hand Weapons
 a - a +2 dagger
 l - a +2 dagger of venom (weapon)
Missiles
 d - 11 poisoned darts (quivered)
 e - 3 curare-tipped darts
 k - 3 stones
Armour
 b - a +0 robe (worn)
 c - a +0 cloak (worn)
 g - a +0 buckler (worn)
Scrolls
 f - a scroll of silence {unknown}
 h - a scroll of enchant armour {unknown}
 j - a scroll of enchant weapon {unknown}
 o - a scroll of identify {unknown}
 p - a scroll of teleportation {unknown}
Potions
 i - 2 potions of magic {unknown}
 m - a potion of cancellation {unknown}
 n - a potion of ambrosia {unknown}
 q - a potion of degeneration {unknown}


   Skills:
 * Level 1.8 Fighting
 + Level 2.7 Short Blades
 + Level 2.0 Throwing
 * Level 1.7 Dodging
 * Level 6.7 Stealth
 * Level 0.2 Shields


You had 2 spell levels left.
You didn't know any spells.
Your spell library contained the following spells:

 Spells                   Type           Power      Damage    Failure   Level
 Portal Projectile        Hex/Tloc       0%         N/A       91%         3
 Tukima's Dance           Hex            0%         N/A       91%         3
 Blade Hands              Tmut           0%         N/A       100%        5


Dungeon Overview and Level Annotations

Branches:
Dungeon (2/15)

Altars:


Innate Abilities, Weirdness & Mutations

You are very small and have problems with some larger weapons.
You are too small for most types of armour.
You have supernaturally acute eyesight. (SInv)
You cover ground extremely quickly. (Speed+++)


Message History

A goblin comes into view. It is wielding a +0 club.
The kobold barely misses you.
The goblin shouts!
You hit the kobold.
You kill the kobold!
Things that are here:
a +0 dagger; a kobold corpse You closely miss the goblin.
The goblin hits you but does no damage.
You hit the goblin.
You kill the goblin!
Things that are here:
a +0 club; a goblin corpse
Found a stone staircase leading up.
Found a ring mail.
You see here a +0 ring mail.
A gnoll comes into view. It is wielding a +0 club.
Found a stone staircase leading down.
A bat comes into view.
A gnoll comes into view. It is wielding a +0 halberd.
A gnoll comes into view. It is wielding a +0 club.
Found a club.
Found a glowing scarf.
The gnoll shouts! x2; You hear a shout!
The gnoll shouts!
The gnoll hits you with a +0 club! The bat hits you but does no damage.
You hit the gnoll but do no damage.
The gnoll is poisoned.
The bat hits you but does no damage. The gnoll misses you.
A hobgoblin comes into view.
You hit the gnoll.
The gnoll is heavily wounded.
You block the bat's attack. The gnoll misses you.
You hit the gnoll.
The gnoll is heavily wounded.
The bat closely misses you.
The gnoll hits you from afar with a +0 halberd!
Ouch! That really hurt!
* * * LOW HITPOINT WARNING * * *
The gnoll closely misses you.
A gnoll comes into view. It is wielding a +0 spear.
The gnoll hits you with a +0 club.
You die...

###.........####...
.>#..............##
.............###### #
#....#+###......<## #.
#.##.#.# #.#.######
##..##.#....# #.#.######
.....g......###.))......
#[..b..................
..###g@..........#####.
#..)..g..######### #.
#.##g....# #. #..#.## .#
#. .g..#... #.# #.
.....##.. #.# #####.
.###.##.# #.# #...#. #.
..##.# #.#####.#.#. ##
#.##.# #.#.......#.


You could see 4 gnolls, a hobgoblin and a bat.

Vanquished Creatures
  An adder (D:2)
  4 endoplasms
  2 giant cockroaches (D:1)
  A hobgoblin (D:2)
  7 ball pythons
  5 bats (D:1)
  2 frilled lizards (D:1)
  2 goblins
  3 kobolds
  3 rats
30 creatures vanquished.

Notes
Turn   | Place    | Note
-------+----------+-------------------------------------------
     0 | D:1      | styxcanada the Spriggan Brigand began the quest for the
                  | Orb.
     0 | D:1      | Reached XP level 1. HP: 10/10 MP: 2/2
   178 | D:1      | Reached skill level 6 in Stealth
   392 | D:1      | Reached XP level 2. HP: 14/14 MP: 3/3
   509 | D:1      | Found a faded altar of an unknown god.
  1305 | D:2      | Reached XP level 3. HP: 18/18 MP: 4/4
  1400 | D:2      | Slain by a gnoll

Illustrated notes

Levels and vault maps discovered:
D:1:      ncdulo_lavacross, layout_basic, dreamdust_ecumenical_altar_statues,
          eino_curves_02
D:2:      layout_basic, roderic_serpentine_path

Skill      XL: |  1 |
---------------+----+-----
Stealth        | 6 |  6.7
Fighting       | |  1.8
Short Blades   | |  2.7
Throwing       | |  2.0
Dodging        | |  1.7
Shields        | |  0.2

Action                   || total
-------------------------++-------
Melee: Dagger            ||    62
Throw: Dart              ||     1
 Stab: Sleeping          ||    13
Armor: Robe              ||    15
Dodge: Dodged            ||    37
Block: Buckler           ||     6
